 Dungeon Crawl Stone Soup version 0.21.0-3-g78d12a8 (webtiles) character file.

14105 mopl the Carver (level 12, -8/108 HPs)
             Began as a Tengu Skald on Jan 8, 2018.
             Was a High Priest of Okawaru.
             Mangled by an orc warrior
             ... wielding a +0 war axe
              (14 damage)
             ... on level 11 of the Dungeon.
             The game lasted 00:31:49 (12588 turns).

mopl the Carver (Tengu Skald)                      Turns: 12588, Time: 00:31:51

Health: -8/108     AC: 26    Str: 19    XL:     12   Next: 13%
Magic:  9/17       EV:  2    Int: 14    God:    Okawaru [*****.]
Gold:   1235       SH:  2    Dex: 16    Spells: 3/15 levels left

rFire    + . .     SeeInvis .   D - +0 great sword
rCold    . . .     Gourm    .   (shield currently unavailable)
rNeg     + + +     Faith    .   (armour currently unavailable)
rPois    +         Spirit   .   (helmet currently unavailable)
rElec    .         Reflect  +   (cloak currently unavailable)
rCorr    .         Harm     .   (gloves currently unavailable)
MR       .....     NoTele   +   (boots unavailable)
Stlth    +++.......             P - +2 amulet of reflection
HPRegen  0.28/turn              O - ring of protection from fire
MPRegen  0.15/turn              (no ring)

@: mighty, lethally poisoned (-8 -> -9), tree-form (expiring), heroism, singing
A: able to fly 1
a: Fly, Heroism, Finesse, Renounce Religion


You were on level 11 of the Dungeon.
You worshipped Okawaru.
Okawaru was extremely pleased with you.
You were hungry.
You were a tree.
You visited 2 branches of the dungeon, and saw 12 of its levels.
You also visited: Sewer and Ossuary.

You collected 1235 gold pieces.

Inventory:

Hand Weapons
 a - a +0 scimitar of flaming
 b - a +0 short sword of electrocution
 j - a +1 dagger of electrocution
 m - a +1 falchion of electrocution
 o - a +0 rapier of holy wrath
 x - a +0 falchion
 D - a +0 great sword (weapon)
 U - a +0 blowgun
 W - a +3 scimitar of freezing
 X - a +3 great sword
Missiles
 e - 81 poisoned needles
 y - 8 javelins (quivered)
 T - 9 curare-tipped needles
Armour
 q - a +0 pair of gloves (melded)
 t - a +3 ring mail of cold resistance (melded)
 w - a +0 shield
 L - the +3 ring mail of Insecurity {+Blink rF- rCorr Str+5}
   (You found it on level 8 of the Dungeon)

   It affects your strength (+5).
   It makes you vulnerable to fire.
   It lets you blink.
   It protects you from acid and corrosion.
 S - a +0 cloak (melded)
Jewellery
 O - a ring of protection from fire (left branch)
 P - a +2 amulet of reflection (around neck)
Wands
 f - a wand of flame (42)
 N - a wand of polymorph (14)
 Q - a wand of acid (12)
 V - a wand of random effects (22)
Scrolls
 h - a scroll of amnesia {unknown}
 i - 7 scrolls of teleportation
 l - 5 scrolls of enchant armour
 p - a scroll of magic mapping
 u - 7 scrolls of remove curse
 z - a scroll of torment {!r}
 A - a scroll of summoning
 B - a scroll of holy word
 G - a scroll of acquirement {unknown}
 H - a scroll of fog {unknown}
 J - a scroll of identify
 R - a scroll of blinking
Potions
 k - 2 potions of resistance
 n - 2 potions of magic
 s - 3 potions of flight
 v - 3 potions of might
 E - 6 potions of curing {unknown}
 F - a potion of haste
 I - 2 potions of brilliance
 K - 2 potions of mutation {!q}
Books
 c - a book of Cantrips

   Spells                             Type                      Level
   a - Confusing Touch                Hexes                        1
   b - Animate Skeleton               Necromancy                   1
   c - Summon Small Mammal            Summoning                    1
   d - Apportation                    Translocation                1
 C - a book of Misfortune

   Spells                             Type                      Level
   a - Confusing Touch                Hexes                        1
   b - Confuse                        Hexes                        3
   c - Gell's Gravitas                Translocation                3
   d - Petrify                        Transmutation/Earth          4
   e - Metabolic Englaciation         Hexes/Ice                    5
   f - Yara's Violent Unravelling     Hexes/Transmutation          5
Comestibles
 d - 14 rations
 r - 3 chunks of flesh


   Skills:
 + Level 7.4(12.4) Fighting
 * Level 14.3(19.3) Long Blades
 + Level 2.6(7.6) Armour
 + Level 3.3(8.3) Dodging
 - Level 2.0 Spellcasting
 - Level 3.0 Hexes
 + Level 6.4 Charms
 - Level 3.0 Necromancy
 - Level 3.0 Translocations
 + Level 5.3 Invocations


You had 3 spell levels left.
You knew the following spells:

 Your Spells              Type           Power        Failure   Level  Hunger
a - Infusion              Chrm           ###.         1%          1    ##.....
b - Song of Slaying       Chrm           ###.....     2%          2    ###....
c - Spectral Weapon       Hex/Chrm       ##......     11%         3    ####...
f - Shroud of Golubria    Chrm/Tloc      ##........   4%          2    ###....
r - Regeneration          Chrm/Necr      ##........   11%         3    ####...
x - Animate Skeleton      Necr           N/A          7%          1    ##.....


Dungeon Overview and Level Annotations

Branches:
Dungeon (11/15)            Temple (1/1) D:6            Lair (0/6) D:9
    Orc (0/2) D:11

Altars:
Ashenzari
Elyvilon
Kikubaaqudgha
Nemelex Xobeh
Okawaru
Ru
Sif Muna
Xom
The Shining One

Shops:
D:6 [

Annotations:
D:3 4 transporters
D:6 MDvedh's ghost, novice HOMo


Innate Abilities, Weirdness & Mutations

((You have a beak for a mouth.))
((You have claws for feet.))
You can fly.


Message History

* * * LOW HITPOINT WARNING * * *
You slash the killer bee!
You kill the killer bee!
Okawaru accepts your kill. Something appears at your feet!
Okawaru grants you a weapon!
The leopard gecko bites you but does no damage.
You slice the bullfrog!!
You kill the bullfrog!
Okawaru accepts your kill. The leopard gecko bites you.
* * * LOW HITPOINT WARNING * * *
Unknown command.
You barely miss the orc warrior.
The orc warrior is heavily wounded.
Your transformation is almost over.
You feel sick.
The leopard gecko bites you but does no damage.
The orc warrior hits you with a war axe!
You die...

*,,* **#..# ##..# *,,,>,,,,,,*
#.,* *#.# #.y#* **,,,*,,,,,* #..*
#)###..# *,,,**,*,,,, #..#*
##<[...#**********,**,,, ##...#*
##)(#)).##,,,* *,,,*,,,
#....(###.)###...#,8,* *,8,*,,,
..........## ##).#,,,** **,,,*,,,
.........## ##)#***'***'****,*,
.........(### ##♣# **,,,** ***,
.###......(.###ol# *,>,* *,
,**#...#..#...oo## **,,,** *,
,*#...##.####...#****'***'******,
,.....#..# *#...#*,,,*****,,,**,,
........## *......,8,,,,,,,8,**,,
........* *#.##..#,,,*****,,,*,,,
.......#***.#*##.#****** **,****,
*,,....,*,.#* *#.,,,,,***,,,****


You could see an orc warrior, 2 orcs and a leopard gecko.

Vanquished Creatures
  Erica (D:8)
  8 two-headed ogres
  The ghost of MDvedh the Grappler, a journeyman VSAM of Fedhas (D:8)
  An unseen horror (D:10)
  The ghost of appiemonkey the Shield-Bearer, a novice GrFi (D:4)
  2 hippogriffs
  Sigmund (D:5)
  A human (D:9)
  3 hogs (D:9)
  A yak (D:9)
  A hungry ghost (D:9)
  Eustachio (D:5)
  3 wargs
  2 orc warriors (D:9)
  A hornet zombie (D:10)
  2 ice beasts
  A phantom (D:5)
  2 sky beasts
  2 black bears
  2 necrophages
  A tengu (D:10)
  5 centaurs
  3 ogres
  2 big kobolds
  3 bullfrogs
  A gnoll sergeant (D:5)
  2 scorpions
  16 killer bees
  5 wights (D:10)
  8 howler monkeys
  7 crimson imps
  7 hounds
  A bullfrog zombie (D:6)
  A centaur skeleton (D:4)
  3 jellies
  5 orc priests
  2 bullfrog skeletons
  4 iguanas (D:8)
  7 orc wizards
  6 worker ants
  2 hound zombies
  2 hound skeletons (D:10)
  8 mummies (Ossuary)
  4 gnolls (D:5)
  9 adders
  3 river rats (Sewer)
  4 shadow imps
  7 oozes
  A worm (D:3)
  A dart slug (D:4)
  7 leopard geckos
  32 orcs
  4 ball pythons
  9 bats
  8 giant cockroaches
  2 gnoll zombies (Ossuary)
  10 hobgoblins
  15 jackals
  13 kobolds
  3 quokkas
  6 frilled lizards
  A giant cockroach zombie (D:6)
  5 goblins
  3 hobgoblin zombies (Ossuary)
  A jackal skeleton (D:8)
  2 kobold zombies (Ossuary)
  A leopard gecko skeleton (D:4)
  An orc zombie (Ossuary)
  20 rats
310 creatures vanquished.

Vanquished Creatures (others)
  3 spectral weapons
3 creatures vanquished.

Grand Total: 313 creatures vanquished

Notes
Turn   | Place    | Note
-------+----------+-------------------------------------------
     0 | D:1      | mopl the Tengu Skald began the quest for the Orb.
     0 | D:1      | Reached XP level 1. HP: 12/12 MP: 4/4
     1 | D:1      | Found a runed door.
    21 | D:1      | Reached skill level 3 in Long Blades
    21 | D:1      | Reached XP level 2. HP: 12/17 MP: 0/6
   370 | D:1      | Reached XP level 3. HP: 21/21 MP: 3/7
   375 | D:1      | Reached skill level 4 in Long Blades
   380 | D:1      | Learned a level 2 spell: Song of Slaying
   383 | D:1      | Learned a level 2 spell: Shroud of Golubria
   631 | D:1      | Reached XP level 4. HP: 19/26 MP: 5/8
  1026 | D:2      | Reached skill level 5 in Long Blades
  1520 | D:3      | Found a sacrificial altar of Ru.
  1520 | D:3      | Found a deep blue altar of Sif Muna.
  1521 | D:3      | Found a transporter.
  1524 | D:3      | Noticed an ice beast
  1535 | D:3      | Found a transporter.
  1581 | D:3      | Found a transporter.
  1664 | D:3      | Found a transporter.
  1816 | D:3      | Gained mutation: You can fly. [Tengu growth]
  1816 | D:3      | Reached XP level 5. HP: 26/30 MP: 9/9
  2190 | D:4      | Found a glowing drain.
  2190 | D:4      | Noticed appiemonkey's ghost (novice GrFi)
  2202 | Sewer    | Entered a sewer
  2410 | Sewer    | Noticed a big kobold
  2414 | Sewer    | Reached skill level 6 in Long Blades
  2424 | Sewer    | Killed a big kobold
  2424 | Sewer    | Reached XP level 6. HP: 35/35 MP: 6/10
  2440 | Sewer    | HP: 2/52 [poisoned by a kobold]
  2755 | Sewer    | Found a glowing silver altar of Zin.
  2823 | D:3      | Reached skill level 7 in Long Blades
  3147 | D:4      | Reached skill level 8 in Long Blades
  3147 | D:4      | Reached XP level 7. HP: 38/40 MP: 7/11
  3889 | D:5      | Entered Level 5 of the Dungeon
  3891 | D:5      | Reached skill level 9 in Long Blades
  4270 | D:4      | Killed appiemonkey's ghost
  4270 | D:4      | Reached skill level 10 in Long Blades
  4270 | D:4      | Reached XP level 8. HP: 33/44 MP: 12/12
  4275 | D:4      | Learned a level 3 spell: Spectral Weapon
  4279 | D:4      | Learned a level 3 spell: Regeneration
  4673 | D:5      | Noticed Eustachio
  4683 | D:5      | Killed Eustachio
  4683 | D:5      | Reached skill level 3 in Charms
  4900 | D:5      | Noticed Sigmund
  4932 | D:5      | Killed Sigmund
  4932 | D:5      | Reached skill level 3 in Fighting
  4932 | D:5      | Reached skill level 11 in Long Blades
  5241 | D:6      | Reached XP level 9. HP: 50/50 MP: 7/13
  5410 | D:6      | Found Fiduf's Armour Boutique.
  5479 | D:6      | Reached skill level 4 in Fighting
  5606 | D:6      | Found a staircase to the Ecumenical Temple.
  5634 | D:6      | Noticed MDvedh's ghost (novice HOMo)
  5916 | Temple   | Entered the Ecumenical Temple
  5935 | Temple   | Became a worshipper of Warmaster Okawaru
  6248 | D:7      | Reached skill level 4 in Charms
  6380 | D:7      | Reached skill level 1 in Invocations
  6394 | D:7      | Found a sand-covered staircase.
  6400 | Ossuary  | Entered an ossuary
  6642 | Ossuary  | Learned a level 1 spell: Animate Skeleton
  7358 | D:7      | Reached skill level 12 in Long Blades
  7403 | D:7      | HP: 1/51 [something (6)]
  7716 | D:7      | Reached skill level 1 in Necromancy
  7778 | D:7      | Reached * piety under Okawaru
  7982 | D:7      | Reached skill level 2 in Invocations
  8009 | D:7      | Reached skill level 5 in Fighting
  8285 | D:7      | Reached skill level 2 in Necromancy
  8397 | D:8      | Reached XP level 10. HP: 49/58 MP: 10/14
  8404 | D:8      | Noticed Erica
  8416 | D:8      | Killed Erica
  8423 | D:8      | Got a crude ring mail
  8608 | D:8      | Identified the +3 ring mail of Insecurity {+Blink rF- rCorr Str+5} (You found it on level 8 of the Dungeon)
  8724 | D:8      | Reached skill level 3 in Necromancy
  8796 | D:8      | Reached skill level 3 in Invocations
  8872 | D:8      | Noticed a two-headed ogre
  8879 | D:8      | Killed a two-headed ogre
  8879 | D:8      | Reached ** piety under Okawaru
  8879 | D:8      | Reached skill level 5 in Charms
  8880 | D:8      | Noticed MDvedh's ghost (journeyman VSAM)
  9128 | D:8      | Noticed a two-headed ogre
  9147 | D:8      | Killed a two-headed ogre
  9147 | D:8      | Reached *** piety under Okawaru
  9147 | D:8      | Reached skill level 13 in Long Blades
  9147 | D:8      | Reached skill level 1 in Hexes
  9147 | D:8      | Reached skill level 1 in Translocations
  9591 | D:8      | HP: 2/58 [MDvedh's ghost (12)]
  9592 | D:8      | Killed MDvedh's ghost
  9592 | D:8      | Reached skill level 6 in Fighting
  9925 | D:8      | Noticed a two-headed ogre
  9961 | D:8      | Killed a two-headed ogre
  9961 | D:8      | Reached **** piety under Okawaru
  9961 | D:8      | Reached skill level 2 in Translocations
  9961 | D:8      | Reached skill level 4 in Invocations
  9961 | D:8      | Reached XP level 11. HP: 54/62 MP: 9/15
 10153 | D:9      | Reached skill level 2 in Hexes
 10294 | D:9      | Found a staircase to the Lair.
 10304 | D:9      | Noticed a two-headed ogre
 10312 | D:9      | Killed a two-headed ogre
 10591 | D:9      | Noticed a two-headed ogre
 10597 | D:9      | Killed a two-headed ogre
 10941 | D:9      | Reached ***** piety under Okawaru
 11409 | D:10     | Entered Level 10 of the Dungeon
 11409 | D:10     | Noticed a two-headed ogre
 11414 | D:10     | Killed a two-headed ogre
 11414 | D:10     | Reached skill level 3 in Translocations
 11552 | D:10     | Noticed Sonja
 11553 | D:10     | Noticed Sonja
 11553 | D:10     | Sonja changed into Sonja the human
 11556 | D:10     | Noticed Sonja
 11556 | D:10     | Sonja the human changed into Sonja the warg
 11561 | D:10     | Killed Sonja the warg
 11561 | D:10     | Reached skill level 6 in Charms
 11610 | D:10     | Noticed a two-headed ogre
 11622 | D:10     | Killed a two-headed ogre
 11622 | D:10     | Reached skill level 7 in Fighting
 11622 | D:10     | Reached skill level 3 in Hexes
 11727 | D:10     | Noticed Maurice
 11728 | D:10     | Noticed Maurice
 11728 | D:10     | Maurice changed into Maurice the tengu
 11737 | D:10     | Killed an unseen horror
 11737 | D:10     | Reached skill level 14 in Long Blades
 11737 | D:10     | Reached skill level 5 in Invocations
 11894 | D:10     | Killed Maurice the tengu
 12247 | D:10     | Noticed a two-headed ogre
 12260 | D:10     | Killed a two-headed ogre
 12260 | D:10     | Reached skill level 2 in Armour
 12260 | D:10     | Reached XP level 12. HP: 36/70 MP: 4/16
 12368 | D:11     | Reached skill level 3 in Dodging
 12586 | D:11     | Received a gift from Okawaru
 12588 | D:11     | Mangled by an orc warrior

Skill      XL: |  1  2  3  4  5  6  7  8  9 10 11 12 |
---------------+-------------------------------------+-----
Long Blades    | 3 4 5 6 8 10 11 12 13 14 | 14.3
Charms         | 3 4 5 6 |  6.4
Fighting       | 3 5 6 7 |  7.4
Invocations    | 2 4 5 |  5.3
Necromancy     | 2 3 |  3.0
Hexes          | 1 3 |  3.0
Translocations | 2 3 |  3.0
Armour         | 2 |  2.6
Dodging        | 3 |  3.3
Spellcasting   | |  2.0

Action                   |  1- 3 |  4- 6 |  7- 9 | 10-12 || total
-------------------------+-------+-------+-------+-------++-------
Melee: Falchion          |    69 |   153 |    25 |       ||   247
       Peck              |     7 |    19 |    44 |    57 ||   127
       Kick              |    20 |    33 |    91 |    92 ||   236
       Great sword       |       |       |   248 |   267 ||   515
       Short sword       |       |       |    23 |     6 ||    29
       Scimitar          |       |       |       |     7 ||     7
Throw: Throwing net      |       |       |     1 |     1 ||     2
       Javelin           |       |       |       |     4 ||     4
 Cast: Infusion          |     3 |     5 |    24 |     5 ||    37
       Regeneration      |       |       |     6 |    22 ||    28
       Shroud of Golubri |       |       |     3 |     5 ||     8
       Song of Slaying   |       |       |     1 |     4 ||     5
       Spectral Weapon   |       |       |       |    18 ||    18
Invok: Heroism           |       |       |     1 |     5 ||     6
 Abil: Fly               |       |     5 |     4 |     8 ||    17
Evoke: Wand              |       |     2 |    13 |     4 ||    19
  Use: Scroll            |       |     7 |     3 |     9 ||    19
       Potion            |       |     6 |     2 |     5 ||    13
 Stab: Held in net/web   |       |       |       |     2 ||     2
       Distracted        |       |       |       |     2 ||     2
  Eat: Chunk             |       |     8 |    14 |    15 ||    37
       Ration            |       |       |     2 |     2 ||     4
Armor: Leather armour    |    24 |       |       |       ||    24
       Ring mail         |     5 |    70 |   111 |    71 ||   257
       Skin              |       |    26 |     4 |    65 ||    95
Dodge: Dodged            |    59 |   125 |   148 |   162 ||   494
Block: Other             |       |       |       |    10 ||    10
       Rpst.: Falchion   |    19 |    38 |     7 |       ||    64
       Great sword       |       |       |    44 |    37 ||    81
       Scimitar          |       |       |       |     1 ||     1
